 Dungeon Crawl Stone Soup version 0.25-a0-42-g6c54e25894 (webtiles) character file.

Game seed: 8123753352090005343, levelgen mode: deterministic

95 Gebura the Skirmisher (level 4, 26/35 HPs)
             Began as a Demonspawn Monk on Oct 23, 2019.
             Quit the game on level 2 of the Dungeon.
             The game lasted 00:03:51 (1101 turns).

Gebura the Skirmisher (Demonspawn Monk)             Turns: 1101, Time: 00:03:52

Health: 26/35      AC:  5    Str: 12    XL:     4   Next: 39%
Magic:  4/4        EV: 13    Int: 17    God:
Gold:   62         SH:  0    Dex: 15    Spells: 3/3 levels left

rFire    . . .     SeeInvis .   a - +0 falchion
rCold    + . .     Gourm    .   (no shield)
rNeg     . . .     Faith    .   k - +2 leather armour {MR+}
rPois    .         Spirit   +   (helmet restricted)
rElec    .         Reflect  .   (no cloak)
rCorr    .         Harm     .   (no gloves)
MR       +....                  (no boots)
Stlth    ++........             j - amulet of regeneration
HPRegen  0.51/turn              d - +5 ring of intelligence
MPRegen  0.09/turn              e - ring of protection from cold

@: no status effects
A: antennae 1, magic shield
a: no special abilities


You were on level 2 of the Dungeon.
You were not hungry.

You visited 1 branch of the dungeon, and saw 2 of its levels.

You collected 62 gold pieces.

Inventory:

Hand Weapons
 a - a +0 falchion (weapon)
Armour
 b - a +0 robe
 k - a +2 leather armour of magic resistance (worn)
 m - a +0 helmet of intelligence
Jewellery
 d - a +5 ring of intelligence (left hand)
 e - a ring of protection from cold (right hand)
 j - an amulet of regeneration (around neck)
Scrolls
 f - 2 scrolls of teleportation
 g - 2 scrolls of fog {unknown}
 h - a scroll of enchant weapon {unknown}
 o - a scroll of identify {unknown}
Potions
 i - a potion of brilliance {unknown}
 l - 2 potions of cancellation {unknown}
Comestibles
 c - 3 rations
 n - 3 chunks of flesh


   Skills:
 + Level 3.5 Fighting
 + Level 3.1 Long Blades
 + Level 1.5 Armour
 + Level 3.2 Dodging
 + Level 2.5 Stealth


You had 3 spell levels left.
You didn't know any spells.
Your spell library was empty.

Dungeon Overview and Level Annotations

Branches:
Dungeon (2/15)

Altars:
Ashenzari


Innate Abilities, Weirdness & Mutations

You have a pair of small antennae on your head.
When hurt, damage is shared between your health and your magic reserves.


Message History

The worker ant is moderately wounded.
The worker ant bites you.
You are poisoned.
The worker ant poisons you!
You hit the worker ant but do no damage.
The worker ant is moderately wounded.
You feel sick. The worker ant bites you.
You slash the worker ant!
The worker ant is severely wounded.
You feel sick. The worker ant bites you. The worker ant misses you.
You hit the worker ant.
You kill the worker ant!
You feel sick.
You start resting.
You feel sick. x2
Some of the chunks of flesh in your inventory have rotted away.
Magic restored.
You start resting.
You feel sick. x3
You are no longer poisoned.
Are you sure you want to abandon this character and quit the game? (Confirm with "yes".)

##...†...###.#..#
#...........#..#
#...'..._...+...'..#
#...#.......#...#..#
#.###.......###.#..#
.. #.........#....#
. ..⌠.#.+##.⌠#..###
.####.. ####.## #.
#...#.@..#
#......).#
###.#.#.## .....#.#
..####...# # #.###
#. #.


There were no monsters in sight!

Vanquished Creatures
  A worker ant (D:2)
  Robin (D:2)
  An adder (D:2)
  2 leopard geckos
  4 giant cockroaches
  16 goblins
  2 hobgoblins
  2 jackals (D:1)
  5 kobolds
  4 bats
  5 frilled lizards (D:1)
  4 rats
47 creatures vanquished.

Notes
Turn   | Place    | Note
-------+----------+-------------------------------------------
     0 | D:1      | Gebura the Demonspawn Monk began the quest for the Orb.
     0 | D:1      | Reached XP level 1. HP: 18/18 MP: 1/1
   165 | D:1      | Gained mutation: When hurt, damage is shared between your
                  | health and your magic reserves. [demonic ancestry]
   165 | D:1      | Reached XP level 2. HP: 19/24 MP: 2/2
   755 | D:2      | Reached XP level 3. HP: 27/29 MP: 3/3
   825 | D:2      | Reached skill level 1 in Armour
   864 | D:2      | Noticed Robin
   964 | D:2      | Killed Robin
  1030 | D:2      | Gained mutation: You have a pair of small antennae on your
                  | head. [demonic ancestry]
  1030 | D:2      | Reached XP level 4. HP: 35/35 MP: 4/4
  1049 | D:2      | Found a shattered altar of Ashenzari.
  1101 | D:2      | Quit the game

Levels and vault maps discovered:
D:1:      lightli_arrival_boilingwater, layout_rooms, corner_web_ring,
          chequers_garden
D:2:      layout_basic, old_standard_altar,
          chequers_temple_overflow_statue_of_worship, minmay_misc_feat_ornament,
          evilmike_ruin_ashenzari, uniq_robin, uniq_jessica

Skill      XL: |  1  2  3 |
---------------+----------+-----
Stealth        | 2 |  2.5
Dodging        | 3 |  3.2
Long Blades    | 3 |  3.1
Armour         | 1 |  1.5
Fighting       | |  3.5

Action                   |  1- 3 |  4- 6 || total
-------------------------+-------+-------++-------
Melee: Falchion          |   140 |    12 ||   152
  Use: Scroll            |     1 |       ||     1
 Stab: Sleeping          |     6 |       ||     6
  Eat: Chunk             |     1 |       ||     1
Armor: Robe              |     6 |       ||     6
       Leather armour    |    17 |       ||    17
Dodge: Dodged            |   104 |    12 ||   116
       Rpst.: Falchion   |    33 |     3 ||    36

Table legend:
 A = Non-vault XP
 B = Vault XP
 C = Vault XP percentage of total XP
 D = Non-vault monster count
 E = Vault monster count
 F = Vault count percentage of total count
                 A         B        C        D         E       F
            +---------+---------+-------+---------+---------+-------
      Total |     100 |      36 |  26.5 |      35 |      12 |  25.5
            +---------+---------+-------+---------+---------+-------
        D:1 |      37 |       0 |   0.0 |      23 |       0 |   0.0
        D:2 |      63 |      36 |  36.4 |      12 |      12 |  50.0
            +---------+---------+-------+---------+---------+-------
